 Dungeon Crawl Stone Soup version 0.16-a0-3425-gb4a0a08 (console) character file.

317 mauris the Conjurer (level 6, -2/36 HPs)
             Began as an Octopode Conjurer on Jan 1, 2015.
             Was a Follower of Makhleb.
             Slain by a slave (6 damage)
             ... led by Pikel
             ... on level 4 of the Dungeon.
             The game lasted 00:11:29 (4948 turns).

mauris the Conjurer (Octopode Conjurer)             Turns: 4948, Time: 00:11:29

Health: -2/36      AC:  1    Str:  7    XL:     6   Next: 45%
Magic:  0/12       EV: 12    Int: 20    God:    Makhleb [*.....]
Gold:   180        SH:  0    Dex: 12    Spells: 2 memorised, 6 levels left

rFire  . . .     SeeInvis .     (no weapon)
rCold  . . .     Clarity  .     (no shield)
rNeg   . . .     SustAb   .     (helmet restricted)
rPois  .         Gourm    .     (no amulet)
rElec  .         Spirit   .     (no ring)
rCorr  .         Warding  .     (no ring)
rMut   .         Stasis   .     (no ring)
MR     .....                    (no ring)
Stlth  +++.......               (no ring)
                                (no ring)
                                (no ring)
                                (no ring)

@: not resistant to hostile enchantments, fairly stealthy
A: almost no armour, amphibious, 8 rings, constrict 8, camouflage 1, gelatinous
body 1
a: Renounce Religion


You were on level 4 of the Dungeon.
You worshipped Makhleb.
Makhleb was aware of your devotion.
You were hungry.

You visited 2 branches of the dungeon, and saw 5 of its levels.

You collected 180 gold pieces.

Inventory:

Scrolls
 e - a scroll of fear {unknown}
 f - 2 scrolls of amnesia
 h - a scroll of enchant armour
 m - 2 scrolls of enchant weapon {unknown}
 n - a scroll of fog {unknown}
 o - a scroll of magic mapping {unknown}
 p - a scroll of recharging
 s - a scroll of blinking {unknown}
Potions
 i - a potion of curing {unknown}
 j - a potion of might {unknown}
 l - a potion of haste {unknown}
 r - 2 potions of lignification
Books
 c - a book of Conjurations

   Spells                             Type                      Level
   a - Magic Dart                     Conjuration                  1
   b - Searing Ray                    Conjuration                  2
   c - Dazzling Spray                 Conjuration/Hexes            3
   d - Fulminant Prism                Conjuration/Hexes            4
   e - Iskenderun's Mystic Blast      Conjuration                  4
   f - Iskenderun's Battlesphere      Conjuration/Charms           5
Comestibles
 a - 4 meat rations
 b - 4 bread rations
 k - a royal jelly
 t - 3 fruits


   Skills:
 - Level 2.0 Dodging
 - Level 2.6 Stealth
 - Level 3.0 Spellcasting
 + Level 7.0 Conjurations


You had 6 spell levels left.
You knew the following spells:

 Your Spells              Type           Power        Failure   Level  Hunger
a - Magic Dart            Conj           ####         1%          1    None
b - Iskenderun's Mystic   Conj           ####....     10%         4    ####...


Dungeon Overview and Level Annotations

Branches:
Dungeon (4/15)             Temple (1/1) D:4

Altars:
Elyvilon
Makhleb
Nemelex Xobeh
Trog
Yredelemnul
The Shining One

Annotations:
D:4 exclusion: 2 slaves, Pikel


Innate Abilities, Weirdness & Mutations

You cannot wear most types of armour.
You are amphibious.
You can wear up to eight rings at the same time.
You can use your tentacles to constrict many enemies at once.
Your skin changes colour to match your surroundings (Stealth).
Your rubbery body absorbs attacks (AC +1).


Message History

You tentacle-slap the slave but do no damage.
The slave is almost dead.
You constrict the slave, but do no damage.
The slave closely misses you.
Casting: Iskenderun's Mystic Blast
Confirm with . or Enter, or press ? or * to list all spells.
Aiming: Magic Dart
Press: ? - help, Shift-Dir - straight line, f/p - slave
Aim: a slave, wearing an animal skin (almost dead, constricted by you)
The magic dart hits the slave.
The slave is almost dead.
You constrict the slave. The slave hits you!
You tentacle-slap the slave.
The slave is almost dead.
You constrict the slave. The slave hits you!
* * * LOW HITPOINT WARNING * * *
You tentacle-slap the slave but do no damage.
The slave is almost dead.
You constrict the slave. The slave hits you.
You die...

######.## ###.##### #####
#.......# #...####.#.###.# #
#........#.# #.# #
#..>###..#.######## # ##.##
#.....###PPP## ....#
##.....#Pp..P# ##..#
##...##P.@.P# ##..# ##...#P)..P#
# ##..# #.####P.P### # ###.# #.#
##'##.# # # #.# ##'## #.##.# #
###.# ##...## #....# # ....#
##.....######.###### #
.##.###.......## #...[..# #
..#.##.........####...##.########


You could see a slave.

Vanquished Creatures
  2 slaves (D:4)
  An ogre (D:4)
  An orc wizard (D:4)
  An iguana (D:4)
  A centaur skeleton (D:4)
  5 adders
  2 worms
  2 adder skeletons (D:4)
  4 giant geckos
  7 orcs
  A ball python (D:4)
  A bat skeleton (D:4)
  2 giant cockroaches
  6 goblins
  9 hobgoblins
  14 jackals
  3 kobolds
  3 quokkas (D:4)
  12 bats
  A giant newt (D:3)
  13 rats
91 creatures vanquished.

Notes
Turn   | Place    | Note
--------------------------------------------------------------
     0 | D:1      | mauris, the Octopode Conjurer, began the quest for the Orb.
     0 | D:1      | Reached XP level 1. HP: 11/11 MP: 3/3
   397 | D:1      | Reached XP level 2. HP: 17/17 MP: 2/4
   978 | D:2      | Reached XP level 3. HP: 9/21 MP: 0/6
  1743 | D:2      | Reached XP level 4. HP: 27/27 MP: 1/9
  1759 | D:2      | Learned a level 4 spell: Iskenderun's Mystic Blast
  2073 | D:3      | Reached skill level 5 in Conjurations
  3185 | D:4      | Reached XP level 5. HP: 31/31 MP: 6/11
  3251 | D:4      | Found a staircase to the Ecumenical Temple.
  3288 | D:4      | Noticed Pikel
  3288 | D:4      | Noticed a slave
  3288 | D:4      | Noticed a slave
  3288 | D:4      | Noticed a slave
  3325 | D:4      | Killed a slave
  3342 | Temple   | Entered the Ecumenical Temple
  3360 | Temple   | Became a worshipper of Makhleb the Destroyer
  3682 | D:4      | Found a sparkling altar of Nemelex Xobeh.
  4070 | D:4      | Acquired Makhleb's first power
  4070 | D:4      | Reached skill level 6 in Conjurations
  4363 | D:4      | Noticed a slave
  4370 | D:4      | Reached XP level 6. HP: 36/36 MP: 4/12
  4569 | D:4      | Noticed an ogre
  4587 | D:4      | Killed an ogre
  4587 | D:4      | Reached skill level 7 in Conjurations
  4847 | D:4      | Killed a slave
  4948 | D:4      | Slain by a slave

Action                   |  1- 3 |  4- 6 || total
-------------------------+-------+-------++-------
Melee: Unarmed           |    24 |    30 ||    54
 Cast: Magic Dart        |    50 |   142 ||   192
       Iskenderun's Myst |       |     9 ||     9
  Use: Scroll            |       |     5 ||     5
       Potion            |       |     1 ||     1
 Stab: Sleeping          |     3 |       ||     3
  Eat: Chunk             |     3 |     9 ||    12
       Beef jerky        |       |     1 ||     1
